 Dungeon Crawl Stone Soup version 0.30-a0-718-geaa24f58ff (webtiles) character file.

Game seed: 2242127710140743544

310 Newt the Skirmisher (level 6, -12/40 HPs)
             Began as a Kobold Hunter on Jan 25, 2023.
             Mangled by an ogre
             ... wielding a +0 giant spiked club
              (37 damage)
             ... on level 6 of the Dungeon.
             The game lasted 00:02:45 (2848 turns).

Newt the Skirmisher (Kobold Hunter)                 Turns: 2848, Time: 00:02:45

Health: -12/40     AC:  7    Str:  8    XL:     6   Next: 69%
Magic:  6/6        EV: 14    Int: 10    God:
Gold:   135        SH:  5    Dex: 21    Spells: 5/5 levels left

rFire   . . .      SeeInvis .    k - +0 sling
rCold   . . .      Faith    .    j - orb {light}
rNeg    . . .      Spirit   .    c - +0 leather armour
rPois   .          Reflect  +    (no helmet)
rElec   .          Harm     +    n - scarf {harm}
rCorr   .          Rampage  .    (no gloves)
Will    .....                    (no boots)
Stlth   +                        q - amulet of reflection
HPRegen 0.26/turn                e - +4 ring of protection
MPRegen 0.10/turn                (no ring)

@: glowing
A: small, no large weapons, nightstalker 3
a: no special abilities


You were on level 6 of the Dungeon.
You visited 1 branch of the dungeon, and saw 5 of its levels.

You collected 135 gold pieces.

Inventory:

Hand Weapons
 a - a +0 shortbow
 k - a +0 sling (weapon)
Armour
 c - a +0 leather armour (worn)
 j - an orb of light (worn)
 n - a scarf of harm (worn)
Jewellery
 e - a +4 ring of protection (left hand)
 h - an amulet of faith
 p - an amulet of magic regeneration
 q - an amulet of reflection (around neck)
Scrolls
 b - a scroll of immolation
 d - 2 scrolls of identify
 f - a scroll of torment
 m - a scroll of butterflies
Potions
 g - a potion of mutation
 i - 2 potions of might
 l - 2 potions of curing
 o - 2 potions of magic {unknown}
 r - a potion of cancellation {unknown}
 s - a potion of brilliance {unknown}
 t - a potion of heal wounds {unknown}


   Skills:
 - Level 5.0 Fighting
 + Level 8.2 Ranged Weapons
 - Level 2.4 Dodging
 - Level 1.3 Stealth


You had 5 spell levels left.
You didn't know any spells.
Your spell library contained the following spells:

 Spells                   Type           Power      Damage    Failure   Level
 Ensorcelled Hibernation  Hex/Ice        0%         N/A       63%         2
 Call Canine Familiar     Summ           0%         N/A       86%         3
 Dazzling Flash           Conj/Hex       0%         N/A       86%         3
 Portal Projectile        Hex/Tloc       0%         N/A       86%         3
 Spider Form              Tmut/Pois      0%         N/A       86%         3
 Anguish                  Hex/Necr       0%         N/A       99%         4
 Iskenderun's Mystic Bla  Conj/Tloc      0%         2d3       99%         4
 Leda's Liquefaction      Hex/Erth       0%         N/A       99%         4
 Starburst                Conj/Fire      0%         6d3       100%        6


Dungeon Overview and Level Annotations

Branches:
Dungeon (4/15)
 Temple: D:4-7

Altars:

Shops:
D:2 :


Innate Abilities, Weirdness & Mutations

You are small and have problems with some larger weapons.
You are completely attuned to the shadows.


Message History

No target in view!
t - a viscous blue potion
There is a stone staircase leading up here.
You now have 135 gold pieces (gained 10).
A goblin comes into view. It is wielding a +0 club.
The goblin shouts!
A goblin is nearby!
You shoot a sling bullet. The sling bullet hits the goblin!
You kill the goblin!
A sourceless malevolence fills the Dungeon...
You fall into a shaft and drop 2 floors!
The shaft crumbles and collapses.
Found a fuming golden potion.
Found a glaive.
o - 2 fuming golden potions (gained 1)
You see here a +0 glaive.
Found 7 stones.
An ogre comes into view. It is wielding a +0 giant spiked club.
The ogre shouts!
You hear a shout!
An ice beast comes into view.
A steam dragon comes into view.
The steam dragon hisses angrily.
The steam dragon breathes steam at you. The ball of steam misses you.
The ogre is engulfed in a cloud of scalding steam.
The ogre is engulfed in a cloud of scalding steam.
You shoot a sling bullet. The sling bullet hits the ogre.
The ogre is severely wounded.
You hear a shout!
The ogre completely misses you.
You shoot a sling bullet. The sling bullet hits the ogre.
The ogre is severely wounded.
You shoot a sling bullet. The sling bullet hits the ogre.
The ogre is almost dead.
The ogre hits you with a +0 giant spiked club!
You shoot a sling bullet. The sling bullet hits the ogre.
The ogre is almost dead.
The ogre hits you with a +0 giant spiked club!!
Ouch! That really hurt!
You die...

..........
.........#
................#
##..............##
#.......###.....#
#.......####..####
#.....#####.....
###...#..##.#...
##.@OD.)......
#...#.#.......
....####§......
....# #.§......
.... #.....##.
.....## .......


You could see a steam dragon and an ogre.

Vanquished Creatures
  A bullfrog (D:4)
  A hound (D:4)
  2 jellies (D:4)
  An orc wizard (D:3)
  3 gnolls (D:3)
  3 adders
  A dart slug (D:4)
  5 orcs
  10 ball pythons
  6 bats (D:1)
  4 endoplasms
  5 giant cockroaches
  6 goblins
  4 hobgoblins
  5 jackals
  2 kobolds (D:2)
  4 quokkas
  5 frilled lizards
  4 rats (D:2)
72 creatures vanquished.

Notes
Turn   | Place    | Note
-------+----------+-------------------------------------------
     0 | D:1      | Newt the Kobold Hunter began the quest for the Orb.
     0 | D:1      | Reached XP level 1. HP: 12/12 MP: 1/1
    67 | D:1      | Reached XP level 2. HP: 18/18 MP: 2/2
   486 | D:1      | Found a faded altar of an unknown god.
   550 | D:1      | Reached XP level 3. HP: 23/23 MP: 3/3
   983 | D:2      | Reached XP level 4. HP: 30/30 MP: 4/4
  1230 | D:2      | Found Raacyr's Book Shop.
  1696 | D:3      | Reached skill level 5 in Fighting
  1773 | D:3      | Reached XP level 5. HP: 35/35 MP: 5/5
  1791 | D:3      | Reached skill level 6 in Ranged Weapons
  2553 | D:4      | Reached skill level 7 in Ranged Weapons
  2553 | D:4      | Reached XP level 6. HP: 32/40 MP: 6/6
  2591 | D:4      | Reached skill level 8 in Ranged Weapons
  2807 | D:4      | You fall into a shaft and drop 2 floors!
  2828 | D:6      | Noticed an ogre
  2828 | D:6      | Noticed an ice beast
  2838 | D:6      | Noticed a steam dragon
  2848 | D:6      | Mangled by an ogre

Illustrated notes

Levels and vault maps discovered:
D:1:      minmay_arrival_semitransparent, layout_basic,
          shapermc_ecumenical_altar_pompeii
D:2:      layout_basic, serial_shops, nicolae_diamond_shop, serial_glass,
          glass_columns_a, glass_columns_b, glass_columns_b, glass_columns_a,
          minmay_pentomino_pile
D:3:      layout_rooms, st_stairs_4
D:4:      layout_rooms, nrook_mini_vaults, minmay_misc_feat_hallway,
          uniq_crazy_yiuf_cottage
D:6:      layout_cave_pools

Skill      XL: |  1  2  3  4  5  6 |
---------------+-------------------+-----
Fighting       | 3 4 5 |  5.0
Ranged Weapons | 7 8 |  8.2
Dodging        | |  2.4
Stealth        | |  1.3

Action                     |  1- 3 |  4- 6 || total
---------------------------+-------+-------++-------
   Fire: Shortbow          |    88 |       ||    88
         Sling             |       |   131 ||   131
    Use: Scroll            |       |     5 ||     5
         Potion            |       |     1 ||     1
 Armour: Leather armour    |    13 |    29 ||    42
  Dodge: Dodged            |    58 |    47 ||   105
  Block: Orb               |       |     5 ||     5

Table legend: (Time is in decaauts)
 A = Elapsed time spent in this place.
 B = Non-inter-level travel time spent in this place.
 C = Inter-level travel time spent in this place.
 D = Time resting spent in this place.
 E = Time spent auto-exploring this place.
 F = Levels seen in this place.
 G = Mean time per level.
                   A        B        C        D        E       F      G
               +--------+--------+--------+--------+--------+-----+--------+
         Total |   2888 |   2786 |    102 |    435 |   1908 |   5 |  577.6 |
       Dungeon |   2888 |   2786 |    102 |    435 |   1908 |   5 |  577.6 |
               +--------+--------+--------+--------+--------+-----+--------+

Top non-repeatable levels by time:
     D:2: 913 daAuts
     D:3: 872 daAuts
     D:1: 729 daAuts
     D:4: 332 daAuts
     D:6: 40 daAuts
